Map: Newkirk Precinct TE (Void)

Players

ArchangeL - Winner!

  • Race: Terran Terran
  • League: Grandmaster
  • Spawn Location: 7:00

Railgan

  • Race: Zerg Zerg
  • League: Grandmaster
  • Spawn Location: 5:00

VOD

Have the link to the VOD?

Description

Time

  • Played on: March 15, 2017, 2:47 p.m.
  • Length: 14:10
Show
View Real Time Build Order
Export as new Build Order

ArchangeL Terran - Winner!

Build Orders: Reaper Expand, MMM Bio 

Get SALT Encoding   

  12  0:00  SCV  
  13  0:13  SCV  
  14  0:18  Supply Depot  
  14  0:25  SCV  
  15  0:40  SCV  
  15  0:41  Barracks  
  16  0:46  Refinery  
  16  0:52  SCV  
  18  1:04  SCV  
  18  1:16  SCV  
  19  1:31  Reaper, Orbital Command  
  20  1:47  Command Center  
  20  1:58  SCV  
  20  2:08  Factory  
  20  2:10  SCV  
  20  2:14  Refinery  
  21  2:18  Supply Depot  
  21  2:22  SCV  
  22  2:26  Barracks Reactor  
  22  2:34  SCV  
  23  2:46  SCV  
  24  2:54  Starport  
  24  2:58  SCV  
  24  3:01  Factory Tech Lab  
  24  3:02  Marine x2  
  27  3:13  SCV  
  27  3:14  Orbital Command  
  28  3:20  Siege Tank  
  28  3:23  Marine x2  
  33  3:27  Bunker  
  33  3:31  Starport Tech Lab  
  33  3:40  Marine  
  33  3:41  Marine  
  35  3:45  Orbital Command  
  35  3:52  SCV  
  35  3:54  Banshee  
  39  4:02  Cloaking Field  
  38  4:04  SCV  
  38  4:06  Marine x2  
  38  4:07  Bunker  
  41  4:10  Supply Depot  
  41  4:11  SCV  
  41  4:13  Supply Depot  
  42  4:19  SCV  
  43  4:25  Marine  
  43  4:26  Marine  
  43  4:31  SCV  
  46  4:36  Supply Depot  
  46  4:37  Banshee  
  49  4:41  SCV  
  49  4:44  SCV  
  51  4:48  Siege Tank  
  51  4:49  Marine x2  
  56  4:53  SCV  
  56  4:56  SCV  
  58  5:01  Barracks  
  58  5:03  Barracks  
  58  5:05  SCV  
  59  5:07  Marine x2  
  59  5:08  SCV  
  59  5:10  Supply Depot  
  62  5:35  Widow Mine  
  62  5:36  SCV  
  62  5:38  SCV  
  62  5:39  Engineering Bay  
  66  5:43  Command Center  
  66  5:47  Marine  
  66  5:48  SCV, Viking, Stimpack  
  70  5:55  Supply Depot, SCV  
  71  5:59  Supply Depot  
  71  6:10  Barracks Reactor  
  71  6:11  Missile Turret, Barracks Reactor  
  71  6:13  Marine, Viking  
  71  6:17  Missile Turret x2  
  71  6:18  SCV  
  75  6:19  Bunker  
  75  6:24  Viking  
  78  6:25  SCV  
  78  6:30  SCV  
  78  6:31  Marine  
  80  6:37  SCV  
  81  6:40  Refinery x2  
  81  6:42  Supply Depot, SCV  
  81  6:46  Factory Reactor  
  82  6:48  Marine x3  
  82  6:49  Marine  
  82  6:50  SCV  
  87  6:54  SCV  
  87  6:55  Supply Depot  
  87  6:56  Marine  
  87  6:59  Orbital Command  
  89  7:02  SCV  
  89  7:06  Marine, SCV  
  89  7:07  Marine x2  
  94  7:11  Medivac x2  
  94  7:14  Terran Infantry Weapons Level 1, SCV  
  99  7:18  Marine, SCV  
  99  7:19  Marine  
  102  7:24  Marine  
  102  7:26  Supply Depot, SCV  
  104  7:30  SCV  
  104  7:34  Marine x2, Orbital Command  
  104  7:36  Marine  
  108  7:39  Marine  
  108  7:42  Marine  
  110  7:44  SCV  
  110  7:47  Barracks  
  110  7:49  Factory Reactor  
  108  7:51  SCV  
  108  7:55  Marine x2  
  108  7:56  Marine, Engineering Bay  
  108  7:57  SCV  
  113  8:03  SCV x2  
  115  8:06  Combat Shields  
  115  8:07  Medivac  
  115  8:11  Marine x2  
  119  8:14  Missile Turret, SCV  
  119  8:17  SCV x2  
  121  8:22  Marine x2  
  116  8:37  Marine x3  
  116  8:39  Marine  
  116  8:40  SCV x2  
  117  8:41  Marine x3  
  117  8:44  SCV  
  117  8:45  Barracks  
  117  8:48  Terran Infantry Armor Level 1  
  121  8:52  SCV x2  
  121  8:54  Medivac x2  
  121  8:55  Marine  
  128  9:03  Marine x5  
  133  9:10  SCV  
  133  9:12  SCV  
  133  9:14  Siege Tank, Marine  
  138  9:18  Armory  
  120  9:38  Marine x9  
  108  9:39  Medivac  
  108  9:40  SCV x2  
  120  9:56  Marine x9  
  120  9:57  Siege Tank, Medivac  
  134  10:00  Refinery  
  134  10:01  Refinery  
  134  10:03  Barracks  
  134  10:04  Barracks x2  
  134  10:13  Marine  
  134  10:14  Marine x2  
  135  10:15  Marauder  
  125  10:27  Marine  
  125  10:28  Marine x4, Medivac  
  125  10:29  Medivac  
  125  10:30  Siege Tank  
  125  10:31  Marine x3  
  135  10:36  Marine  
  135  10:39  Command Center  
  136  10:45  Marine x3  
  137  10:54  Marauder  
  137  10:56  Marine x5  
  138  10:59  Barracks Tech Lab x3  
  127  11:05  Marine x3  
  127  11:13  Siege Tank, Medivac x2  
  127  11:14  Marine x5  
  127  11:15  Marauder  
  141  11:26  Marine  
  141  11:32  Concussive Shells  
  141  11:36  Supply Depot  
  141  11:38  Marine x9, Marauder x2, Supply Depot  
  153  11:44  Marine  
  151  11:48  Siege Tank  
  152  11:55  Marine x2  
  152  11:56  Marauder x2  
  152  12:00  Marauder x2  
  158  12:05  Marine x2  
  158  12:06  Marine x4  
  164  12:13  Marine x2  
  160  12:18  Marauder x2  
  160  12:21  Marauder x2  
  162  12:23  Marine x3  
  162  12:26  Marine x2  
  153  12:34  Marine x2  
  150  12:39  Marauder x2  
  150  12:42  Marauder  
  150  12:43  Marauder  
  158  12:50  Marine x2  
  158  12:52  Marine  
  150  13:00  Marauder x2  
  150  13:04  Marauder x2  
  150  13:05  Orbital Command  
  158  13:24  Marine x2  
  158  13:25  Marine, Marauder  
  158  13:26  Marauder  
  158  13:27  Marine, Marauder  
  156  13:28  Marine x3  
  156  13:33  Marine x2  
  158  13:46  Marine  
Show
View Real Time Build Order
Export as new Build Order

Railgan Zerg 

Build Orders: Pool First 

Get SALT Encoding   

  12  0:01  Drone  
  13  0:13  Overlord  
  13  0:18  Drone  
  14  0:31  Drone x2  
  14  0:35  Drone  
  17  0:37  Extractor  
  16  0:49  Spawning Pool  
  15  0:51  Drone  
  15  0:56  Drone  
  17  1:07  Drone  
  18  1:17  Drone  
  19  1:36  Hatchery  
  19  1:37  Queen  
  20  1:41  Zergling x2  
  20  1:44  Drone  
  22  1:54  Metabolic Boost  
  22  2:05  Roach Warren  
  22  2:07  Drone  
  22  2:13  Overlord  
  22  2:20  Overlord  
  22  2:45  Roach x2  
  22  2:48  Drone x2  
  22  2:49  Drone x2  
  31  2:51  Drone  
  31  2:58  Queen  
  33  3:00  Drone  
  34  3:10  Drone  
  34  3:16  Lair  
  34  3:17  Drone  
  35  3:24  Drone x2  
  35  3:25  Evolution Chamber  
  36  3:28  Drone x2  
  38  3:36  Drone x2  
  38  3:38  Overlord  
  40  3:42  Drone  
  40  3:44  Drone  
  40  3:46  Extractor  
  41  3:53  Drone x2  
  41  3:54  Drone  
  44  3:56  Drone  
  44  3:58  Drone  
  44  4:02  Drone  
  47  4:05  Queen  
  47  4:07  Drone  
  47  4:09  Extractor, Drone x2  
  51  4:11  Extractor  
  51  4:14  Drone  
  51  4:22  Spire  
  50  4:24  Overseer  
  50  4:25  Overlord  
  50  4:29  Drone  
  50  4:30  Drone  
  52  4:34  Overlord  
  52  4:36  Overlord  
  52  4:44  Drone  
  53  4:45  Zerg Missile Weapons Level 1  
  53  4:49  Drone, Glial Reconstitution  
  54  4:58  Queen x2  
  58  5:04  Overseer  
  58  5:07  Overlord  
  58  5:13  Drone  
  59  5:32  Drone x2  
  59  5:38  Drone  
  59  5:41  Corruptor x3  
  66  5:45  Pneumatized Carapace  
  66  5:49  Hatchery  
  67  5:50  Roach x4  
  73  6:02  Drone  
  73  6:04  Drone x4  
  75  6:22  Roach x4  
  75  6:23  Overlord x3  
  83  6:31  Overlord  
  83  6:41  Overlord  
  83  6:44  Evolution Chamber  
  83  6:46  Roach x2  
  86  6:51  Zerg Missile Weapons Level 2  
  86  6:55  Roach x2  
  86  6:56  Roach  
  86  6:57  Drone x3  
  95  7:05  Roach  
  95  7:06  Roach  
  99  7:11  Roach x2  
  103  7:20  Roach x4  
  112  7:22  Drone  
  112  7:31  Overlord  
  112  7:35  Ravager x9  
  121  7:40  Drone  
  121  7:41  Overlord  
  121  7:42  Extractor  
  121  7:43  Zerg Ground Armor Level 1  
  121  7:55  Drone x3  
  121  7:58  Roach x3  
  130  7:59  Overlord  
  130  8:01  Overlord  
  130  8:03  Roach x4  
  138  8:16  Overlord  
  138  8:24  Roach x3  
  138  8:25  Roach  
  146  8:27  Roach  
  146  8:33  Roach  
  136  8:37  Roach x5  
  136  8:38  Overlord x2  
  144  8:42  Ravager  
  144  8:44  Ravager  
  144  8:46  Overlord  
  146  8:50  Roach  
  146  8:51  Overlord  
  146  8:54  Overlord  
  146  8:56  Overlord  
  146  9:02  Roach  
  146  9:03  Roach x5  
  146  9:05  Roach  
  146  9:08  Roach  
  156  9:12  Roach  
  156  9:13  Roach  
  156  9:17  Roach  
  147  9:29  Hatchery  
  124  9:32  Roach x4  
  124  9:33  Roach x3  
  124  9:36  Drone  
  115  9:40  Drone  
  118  9:45  Roach  
  118  9:46  Roach x2  
  118  9:48  Extractor  
  119  9:52  Zerg Ground Armor Level 2  
  119  9:54  Drone  
  119  9:56  Drone  
  119  9:57  Drone x3  
  122  10:00  Corruptor  
  122  10:02  Ravager  
  122  10:06  Drone  
  126  10:11  Roach  
  104  10:24  Roach x9  
  104  10:27  Roach  
  112  10:29  Roach  
  112  10:31  Ravager  
  112  10:32  Ravager  
  116  10:37  Roach x2  
  116  10:42  Roach x4  
  128  10:49  Roach  
  117  10:50  Roach  
  117  10:54  Roach x4  
  111  10:59  Roach x2  
  102  11:07  Roach x4  
  102  11:10  Roach x2  
  109  11:15  Roach x2  
  109  11:16  Roach  
  109  11:18  Roach  
  117  11:20  Roach  
  117  11:21  Roach x5  
  117  11:22  Roach  
  121  11:29  Drone x6  
  127  11:35  Ravager x5  
  127  11:36  Overlord  
  132  11:42  Roach x5  
  132  11:47  Ravager x3  
  133  11:49  Roach x2  
  138  11:56  Roach  
  138  11:57  Roach x2  
  138  11:58  Roach  
  138  12:00  Roach  
  148  12:07  Roach x2  
  148  12:08  Roach x2  
  156  12:15  Roach  
  138  12:24  Roach x6  
  138  12:25  Roach  
  141  12:31  Roach  
  141  12:33  Roach  
  141  12:34  Roach x3  
  135  12:37  Roach  
  135  12:43  Roach x2  
  137  12:49  Roach  
  126  13:02  Roach x3  
  126  13:05  Drone x2, Roach x2  
  131  13:06  Drone  
  131  13:08  Drone  
  134  13:16  Ravager x2  
  134  13:17  Ravager, Corruptor  
  112  13:30  Roach x9  
  112  13:33  Ravager  
  112  13:34  Ravager  
  98  13:35  Ravager  
  99  13:42  Roach x4  
  104  13:49  Roach  
  104  13:50  Roach x4  
Tags
 
Add a new tag
Caveats
  • Supply blocks, unpowered buildings, or Contaminate may cause inaccurate times.
  • Supply counts are checked every 10 seconds.